 Dungeon Crawl Stone Soup version 0.29-a0-275-g389c0b56f3 (webtiles) character file.

Game seed: 1148830527608644187

207 bande the Skirmisher (level 5, 0/33 HPs)
             Began as a Gargoyle Fighter on Mar 12, 2022.
             Slain by a gnoll
             ... wielding a +0 halberd
              (7 damage)
             ... on level 3 of the Dungeon on Mar 13, 2022.
             The game lasted 00:03:21 (2431 turns).

bande the Skirmisher (Gargoyle Fighter)             Turns: 2431, Time: 00:03:22

Health: 0/33       AC: 14    Str: 26    XL:     5   Next: 85%
Magic:  5/5        EV:  9    Int:  8    God:
Gold:   177        SH:  4    Dex: 11    Spells: 4/4 levels left

rFire   . . .      SeeInvis +   a - +0 war axe
rCold   . . .      Faith    .   c - +0 buckler
rNeg    + . .      Spirit   .   b - +0 scale mail
rPois   ∞          Reflect  .   k - +0 helmet
rElec   +          Harm     .   m - +1 cloak
rCorr   .          Rampage  .   (no gloves)
Will    .....                   (no boots)
Stlth   ..........              (no amulet)
HPRegen 0.11/turn               e - ring of see invisible
MPRegen 0.09/turn               l - +6 ring of strength

@: no status effects
A: sickness immunity, AC +4, negative energy resistance 1, electricity
resistance, torment resistance 1, petrification resistance
a: no special abilities


You were on level 3 of the Dungeon.
You visited 1 branch of the dungeon, and saw 3 of its levels.

You collected 177 gold pieces.

Inventory:

Hand Weapons
 a - a +0 war axe (weapon)
Armour
 b - a +0 scale mail (worn)
 c - a +0 buckler (worn)
 k - a +0 helmet (worn)
 m - a +1 cloak (worn)
Jewellery
 e - a ring of see invisible (left hand)
 g - an amulet of magic regeneration
 l - a +6 ring of strength (right hand)
Wands
 o - a wand of paralysis (1)
Scrolls
 d - a scroll of teleportation {unknown}
 f - 3 scrolls of identify
 h - a scroll of magic mapping {unknown}
Potions
 i - 2 potions of curing
 j - a potion of brilliance {unknown}
 q - a potion of heal wounds
 s - a potion of degeneration {unknown}


   Skills:
 + Level 4.1 Fighting
 + Level 3.4 Axes
 + Level 4.1 Armour
 + Level 4.0 Shields
 * Level 1.6 Evocations


You had 4 spell levels left.
You didn't know any spells.
Your spell library contained the following spells:

 Spells                   Type           Power      Damage    Failure   Level
 Animate Skeleton         Necr           0%         N/A       77%         1
 Apportation              Tloc           0%         N/A       77%         1
 Freeze                   Ice            0%         1d3       77%         1
 Summon Small Mammal      Summ           0%         N/A       77%         1
 Frozen Ramparts          Ice            0%         1d2       98%         3
 Hailstorm                Conj/Ice       0%         3d3       100%        4


Dungeon Overview and Level Annotations

Branches:
Dungeon (3/15)

Altars:


Innate Abilities, Weirdness & Mutations

You are immune to sickness and miasma.
Your stone body is resilient. (AC +4)
You are immune to poison.
You resist negative energy. (rN+)
You are resistant to electric shocks. (rElec)
You are resistant to unholy torment.
You are immune to petrification.


Message History

The gnoll barely misses you.
Unknown command.
You slash the goblin!
You kill the goblin!
You slash Robin! You closely miss the gnoll.
The gnoll hits you but does no damage. Robin barely misses you.
The gnoll barely misses you. The gnoll hits you but does no damage.
Robin drinks a potion.
Robin is healed!
You block the gnoll's attack.
Things that are here:
a +0 club; a goblin corpse Unknown command.
You block the gnoll's attack. Robin barely misses you.
The gnoll barely misses you.
Items here: ) †††.
You block Robin's attack.
You see here a hobgoblin corpse.
You slash Robin!
Robin is heavily wounded.
You closely miss the gnoll. You block the gnoll's attack.
Robin barely misses you. The gnoll completely misses you.
You hit Robin but do no damage.
Robin is heavily wounded.
You hit the gnoll.
You kill the gnoll!
Robin hits you but does no damage. The gnoll barely misses you.
Robin barely misses you. The gnoll hits you but does no damage.
Unknown command.
You slash Robin!
You kill Robin!
The gnoll closely misses you. The gnoll closely misses you.
Items here: ) [[ †.
Unknown command.
The gnoll hits you but does no damage.
Things that are here:
a +0 club; a goblin corpse The gnoll completely misses you.
You completely miss the gnoll. The gnoll hits you with a +0 halberd!
You die...

## ############ ...
#######.....|....#####.#
#.......##.............#
+.......+..#.#......=.#
#.......##.#.#........#
#.......##.#.#)g@.....#
.............).)).....+
##.........#.#)†).....#
#.#..................#
#.#.###...#.#........#
#.#.# #...#.#.......##
##.#.###...#.#....####
.............#....#
.#.#.#.#...#.##...#


You could see a gnoll.

Vanquished Creatures
  An ogre (D:3)
  Robin (D:3)
  6 gnolls (D:3)
  A white imp (D:3)
  A dart slug (D:2)
  4 endoplasms
  2 giant cockroaches
  10 hobgoblins
  4 quokkas (D:2)
  2 ball pythons
  2 bats (D:2)
  8 goblins
  A kobold (D:1)
  A rat (D:2)
44 creatures vanquished.

Notes
Turn   | Place    | Note
-------+----------+-------------------------------------------
     0 | D:1      | bande the Gargoyle Fighter began the quest for the Orb.
     0 | D:1      | Reached XP level 1. HP: 14/14 MP: 1/1
  1098 | D:2      | Reached XP level 2. HP: 16/19 MP: 2/2
  1455 | D:2      | Reached XP level 3. HP: 24/24 MP: 3/3
  1579 | D:3      | Noticed an ogre
  1586 | D:3      | Killed an ogre
  1587 | D:3      | Reached skill level 1 in Evocations
  1587 | D:3      | Reached XP level 4. HP: 12/29 MP: 4/4
  1587 | D:3      | Reached XP level 5. HP: 14/33 MP: 5/5
  2407 | D:3      | Noticed Robin
  2427 | D:3      | Killed Robin
  2431 | D:3      | Slain by a gnoll

Illustrated notes

Levels and vault maps discovered:
D:1:      evilmike_arrival_plus, layout_basic, minmay_distorted
D:2:      layout_basic, grunt_ministairs_14, minmay_unequal
D:3:      layout_basic, grunt_ministairs_14, chequers_serial_rivers_small_a,
          uniq_sigmund, uniq_robin

Skill      XL: |  1  2  3  4  5 |
---------------+----------------+-----
Axes           | 2 3 |  3.4
Fighting       | 4 |  4.1
Armour         | 4 |  4.1
Evocations     | 1 |  1.6
Shields        | 4 |  4.0

Action                   |  1- 3 |  4- 6 || total
-------------------------+-------+-------++-------
Melee: War axe           |    66 |    30 ||    96
  Use: Potion            |     1 |       ||     1
       Scroll            |       |     6 ||     6
Armor: Scale mail        |    32 |    42 ||    74
Dodge: Dodged            |    37 |    41 ||    78
Block: Buckler           |    15 |    16 ||    31

Table legend: (Time is in decaauts)
 A = Elapsed time spent in this place.
 B = Non-inter-level travel time spent in this place.
 C = Inter-level travel time spent in this place.
 D = Time resting spent in this place.
 E = Time spent auto-exploring this place.
 F = Levels seen in this place.
 G = Mean time per level.
                   A        B        C        D        E       F      G
               +--------+--------+--------+--------+--------+-----+--------+
         Total |   2470 |   2470 |      0 |    470 |   1658 |   3 |  823.3 |
       Dungeon |   2470 |   2470 |      0 |    470 |   1658 |   3 |  823.3 |
               +--------+--------+--------+--------+--------+-----+--------+

Top non-repeatable levels by time:
     D:1: 1089 daAuts
     D:3: 902 daAuts
     D:2: 478 daAuts
